 Dungeon Crawl Stone Soup version 0.26.1-11-gd32895ea62 (webtiles) character file.

Game seed: 7941408506850041580

13232 Ijustatesigmund the Basher (level 12, 0/87 HPs)
             Began as an Octopode Fighter on July 14, 2021.
             Was a Priest of Cheibriados.
             Slain by Snorg (10 damage)
             ... on level 11 of the Dungeon.
             The game lasted 00:27:28 (15899 turns).

Ijustatesigmund the Basher (Octopode Fighter)      Turns: 15899, Time: 00:27:29

Health: 0/87       AC:  8    Str: 24    XL:     12   Next: 3%
Magic:  17/17      EV: 17    Int: 20    God:    Cheibriados [***...]
Gold:   557        SH: 19    Dex: 22    Spells: 10/11 levels left

rFire    . . .     SeeInvis .   a - +3 flail
rCold    . . .     Faith    .   g - +1 tower shield {AC+3}
rNeg     . . .     Spirit   .   (helmet restricted)
rPois    .         Reflect  .   (no amulet)
rElec    .         Harm     .   u - +4 ring of protection
rCorr    .         Rampage  .   (no ring)
Will     .....                  (no ring)
Stlth    ++++......             (no ring)
HPRegen  0.24/turn              (no ring)
MPRegen  0.15/turn              (no ring)
                                (no ring)
                                (no ring)

@: about to teleport, very slow
A: almost no armour, stealthy swim, amphibious, 8 rings, constrict 8, camouflage
1, gelatinous body 1
a: Renounce Religion, Bend Time, Temporal Distortion


You were on level 11 of the Dungeon.
You worshipped Cheibriados.
Cheibriados was most pleased with you.
You visited 3 branches of the dungeon, and saw 14 of its levels.
You also visited: Sewer.

You collected 1026 gold pieces.
You spent 469 gold pieces at shops.

Inventory:

Hand Weapons
 a - a +3 flail (weapon)
 c - a +1 flail of holy wrath
Armour
 b - a +1 kite shield
 g - a +1 tower shield of protection (worn)
Jewellery
 e - an uncursed ring of ice
 h - an uncursed ring of ice
 u - a +4 ring of protection (left tentacle)
Wands
 s - a wand of polymorph (2)
Scrolls
 d - 3 scrolls of teleportation
 i - 7 scrolls of remove curse
 j - 4 scrolls of identify
 n - 4 scrolls of amnesia
 o - 2 scrolls of fog
 q - a scroll of enchant weapon
Potions
 f - 3 potions of brilliance
 k - a potion of lignification {unknown}
 l - 2 potions of flight {unknown}
 m - a potion of mutation {unknown}
 p - 2 potions of curing
 r - a potion of magic
 t - a potion of ambrosia {unknown}
 v - a potion of attraction {unknown}


   Skills:
 + Level 9.7 Fighting
 + Level 9.7 Maces & Flails
 - Level 7.7 Dodging
 + Level 5.3 Stealth
 + Level 8.2 Shields
 + Level 7.9 Invocations
 + Level 4.0 Evocations


You had 10 spell levels left.
You knew the following spells:

 Your Spells              Type           Power        Failure   Level
a - Magic Dart            Conj           0%           86%         1

Your spell library contained the following spells:

 Spells                   Type           Power        Failure   Level
 Slow                     Hex            0%           94%         2
 Portal Projectile        Hex/Tloc       0%           99%         3
 Fulminant Prism          Conj/Hex       0%           100%        4
 Ice Form                 Ice/Tmut       0%           100%        4
 Yara's Violent Unravell  Hex/Tmut       0%           100%        5
 Malign Gateway           Summ/Tloc      0%           100%        7


Dungeon Overview and Level Annotations

Branches:
Dungeon (11/15)            Temple (1/1) D:7             Orc (2/2) D:10
  Sewer (visited)
   Lair: D:8-11         Elf: Orc:2

Altars:
Ashenzari
Cheibriados
Dithmenos
Elyvilon
Fedhas
Gozag
Hepliaklqana
Kikubaaqudgha
Makhleb
Nemelex Xobeh
Okawaru
Qazlal
Ru
Sif Muna
Trog
Uskayaw
Vehumet
Wu Jian
Xom
Yredelemnul
Zin
The Shining One

Shops:
D:4 ?=[?:   D:6 ((?   D:8 !

Annotations:
D:11 Snorg
Orc:1 barkas's ghost, journeyman CeMo


Innate Abilities, Weirdness & Mutations

You cannot wear most types of armour.
You are very stealthy in the water. (Stealth+)
You are amphibious.
You can wear up to eight rings at the same time.
You can use your tentacles to constrict eight enemies at once.
Your skin changes colour to match your surroundings (Stealth+).
Your rubbery body absorbs attacks. (AC +1, EV +1)


Message History

Snorg resists with almost no effort.
Aiming: Polymorph
Press: ? - help, Shift-Dir - straight line, f/p - Snorg
Aim: Snorg (lightly wounded, slow, will become a komodo dragon, a harpy, or a tarantella, chance to affect: 24%) Snorg resists with almost no effort.
Snorg looks more energetic.
Snorg goes berserk!
Snorg rages.
You block Snorg's attack. Snorg barely misses you. You block Snorg's attack. x2
Snorg completely misses you. Snorg claws you!
* * * LOW HITPOINT WARNING * * *
There is a stone staircase leading up here.
As you read the scroll of teleportation, it crumbles to dust.
You feel strangely unstable. Snorg bites you!
* * * LOW HITPOINT WARNING * * *
You block Snorg's attack. x2
You block Snorg's attack. Snorg claws you.
* * * LOW HITPOINT WARNING * * *
You block Snorg's attack. Snorg barely misses you. Snorg claws you!
You die...

......###........
#.....
.................
.......
................
........
#####..........#
.........#
.........#
.........#
.........#######..
....$.>..T@.......
##################


You could see Snorg (berserk).

Vanquished Creatures
  Harold (Orc:1)
  Erica (D:11)
  3 two-headed ogres
  Nergalle (D:11)
  2 unseen horrors (D:10)
  A wizard (D:10)
  3 deep elf magi (D:10)
  A wolf spider (D:11)
  A gargoyle (D:10)
  4 trolls
  2 wraiths (D:11)
  Grum (D:9)
  A wyvern (D:11)
  A water moccasin (D:9)
  3 sky beasts
  A necrophage (D:7)
  A black bear (D:10)
  9 orc warriors
  A phantom (D:8)
  2 wolves (D:9)
  7 ogres
  9 centaurs
  A big kobold (D:10)
  3 bullfrogs
  2 scorpions
  2 howler monkeys
  A bullfrog zombie (D:10)
  A quasit (D:7)
  A centaur zombie (D:10)
  A hound (D:5)
  2 jellies
  6 orc priests
  9 orc wizards
  A gnoll shaman (D:5)
  2 iguanas
  3 worker ants
  A killer bee zombie (D:8)
  2 hound skeletons
  9 adders
  4 gnolls (D:5)
  A howler monkey skeleton (D:10)
  A river rat (D:6)
  2 shadow imps
  A white imp (D:7)
  An ufetubus (D:9)
  2 oozes
  An adder skeleton (D:5)
  2 adder zombies
  2 worms (D:2)
  3 dart slugs
  10 leopard geckos
  40 orcs
  5 ball pythons
  6 bats
  6 giant cockroaches
  6 goblins
  12 hobgoblins
  28 jackals
  20 kobolds
  3 quokkas
  9 frilled lizards
  10 rats
  A spectral orc (D:6)
279 creatures vanquished.

Vanquished Creatures (collateral kills)
  An adder (D:5)
  2 kobolds (D:10)
3 creatures vanquished.

Vanquished Creatures (others)
  A big kobold (D:10)
  8 plants (Sewer)
9 creatures vanquished.

Grand Total: 291 creatures vanquished

Notes
Turn   | Place    | Note
-------+----------+-------------------------------------------
     0 | D:1      | Ijustatesigmund the Octopode Fighter began the quest for
                  | the Orb.
     0 | D:1      | Reached XP level 1. HP: 16/16 MP: 1/1
    39 | D:1      | Reached XP level 2. HP: 12/21 MP: 2/2
   647 | D:1      | Reached XP level 3. HP: 21/26 MP: 3/3
  1351 | D:2      | Reached XP level 4. HP: 23/32 MP: 4/4
  1684 | D:2      | Found a faded altar of an unknown god.
  2449 | D:3      | Found a shimmering altar of Xom.
  2451 | D:3      | Found a shimmering altar of Xom.
  2455 | D:3      | Found a shimmering altar of Xom.
  2661 | D:4      | Found Vovi's Book Boutique.
  2691 | D:4      | Reached XP level 5. HP: 37/37 MP: 5/5
  2898 | D:4      | Found Komasmir's Magic Scroll Boutique.
  2910 | D:4      | Bought a scroll of identify for 26 gold pieces
  2910 | D:4      | Bought a scroll of teleportation for 39 gold pieces
  2939 | D:4      | Found Timesul's Jewellery Emporium.
  3016 | D:4      | Found Ziebenig's Magic Scroll Shoppe.
  3025 | D:4      | Bought a scroll of identify for 22 gold pieces
  3025 | D:4      | Bought a scroll of identify for 22 gold pieces
  3056 | D:4      | Reached XP level 6. HP: 35/44 MP: 6/6
  3682 | D:4      | Found Jaritt's Antique Armour Shoppe.
  3781 | D:5      | Entered Level 5 of the Dungeon
  3816 | D:5      | Reached skill level 5 in Fighting
  3816 | D:5      | Reached skill level 5 in Maces & Flails
  4057 | D:5      | Reached XP level 7. HP: 47/50 MP: 7/7
  4232 | D:5      | Found an ancient bone altar of Kikubaaqudgha.
  4238 | D:5      | Found a shimmering blue altar of Sif Muna.
  4239 | D:5      | Found a radiant altar of Vehumet.
  4245 | D:5      | Identified Vehumet's Guide on Attacks
  4249 | D:5      | Learned a level 1 spell: Magic Dart
  4609 | D:6      | Found Joystrotz's Magic Scroll Shoppe.
  4678 | D:6      | Found a glowing drain.
  4685 | Sewer    | Entered a sewer
  5291 | D:6      | Found a basalt altar of Yredelemnul.
  5353 | D:6      | Found a hide-covered altar of Uskayaw.
  5604 | D:6      | Found a blossoming altar of Fedhas.
  5654 | D:6      | Found Kuapsere's Weapon Emporium.
  5674 | D:6      | Found a white marble altar of Elyvilon.
  5686 | D:6      | Found a broken altar of Ashenzari.
  5946 | D:6      | Found Dukhleuc's Weapon Shop.
  6029 | D:7      | Reached XP level 8. HP: 50/57 MP: 8/8
  6402 | D:7      | Found a staircase to the Ecumenical Temple.
  6469 | D:7      | Found an iron altar of Okawaru.
  6470 | D:7      | Found a glowing silver altar of Zin.
  6488 | D:7      | Found a broken altar of Ashenzari.
  6947 | Temple   | Entered the Ecumenical Temple
  7041 | Temple   | Became a worshipper of Cheibriados the Contemplative
  7226 | D:8      | Found Deolik's Distillery.
  7337 | D:8      | Reached skill level 1 in Invocations
  8275 | D:8      | Reached skill level 5 in Dodging
  8275 | D:8      | Reached skill level 5 in Shields
  8573 | D:8      | Reached XP level 9. HP: 63/63 MP: 10/10
  8624 | D:9      | Reached * piety under Cheibriados
  8992 | D:9      | Noticed Grum
  8999 | D:9      | Killed Grum
  9628 | D:10     | Entered Level 10 of the Dungeon
  9674 | D:10     | Killed an unseen horror
 10071 | D:10     | Noticed a gargoyle
 10083 | D:10     | Killed a gargoyle
 10284 | D:4      | Bought a +4 ring of protection for 360 gold pieces
 11043 | D:10     | Killed an unseen horror
 11044 | D:10     | Reached skill level 5 in Invocations
 11044 | D:10     | Reached XP level 10. HP: 51/72 MP: 13/13
 11202 | D:10     | Noticed a deep elf mage
 11216 | D:10     | Killed a deep elf mage
 11230 | D:10     | Noticed a two-headed ogre
 11239 | D:10     | Killed a two-headed ogre
 11241 | D:10     | Noticed a deep elf mage
 11260 | D:10     | Noticed a wizard
 11263 | D:10     | Reached ** piety under Cheibriados
 11560 | D:10     | Killed a deep elf mage
 11565 | D:10     | Killed a wizard
 11583 | D:10     | Identified the Tome of Dhcmrlchtdj
 11599 | D:10     | Noticed a deep elf mage
 11606 | D:10     | Identified the Compendium of Axaxaxas mlö
 11616 | D:10     | Killed a deep elf mage
 11700 | D:10     | Identified the Almanac of Sand
 11944 | D:10     | Found a staircase to the Orcish Mines.
 12119 | D:10     | Noticed a skeletal warrior
 12122 | D:10     | Noticed a skeletal warrior
 12122 | D:10     | Noticed a skeletal warrior
 12370 | D:11     | Noticed a two-headed ogre
 12379 | D:11     | Killed a two-headed ogre
 12380 | D:11     | Reached XP level 11. HP: 74/78 MP: 15/15
 12553 | D:11     | Noticed a two-headed ogre
 12556 | D:11     | Noticed a boulder beetle
 12556 | D:11     | Noticed Erica
 13053 | Orc:1    | Entered Level 1 of the Orcish Mines
 13073 | Orc:1    | Noticed Harold
 13087 | Orc:1    | Killed Harold
 13088 | Orc:1    | Reached skill level 1 in Stealth
 13088 | Orc:1    | Reached skill level 1 in Evocations
 13147 | Orc:1    | Found a runed translucent door.
 13148 | Orc:1    | Found a shimmering altar of Xom.
 13148 | Orc:1    | Noticed barkas's ghost (journeyman CeMo)
 13149 | Orc:1    | Noticed a +2 trident of chaos
 13480 | Orc:1    | Reached *** piety under Cheibriados
 13889 | Orc:2    | Entered Level 2 of the Orcish Mines
 14799 | D:11     | Noticed a wolf spider
 14799 | D:11     | a boulder beetle changed into a wolf spider
 14805 | D:11     | Killed a wolf spider
 15131 | D:11     | Killed a two-headed ogre
 15370 | D:11     | Found a hide-covered altar of Uskayaw.
 15379 | D:11     | Reached **** piety under Cheibriados
 15522 | D:11     | Noticed Nergalle
 15527 | D:11     | Killed Erica
 15528 | D:11     | Reached skill level 5 in Stealth
 15534 | D:11     | Killed Nergalle
 15535 | D:11     | Reached XP level 12. HP: 42/87 MP: 17/17
 15864 | D:11     | Noticed Snorg
 15899 | D:11     | Slain by Snorg

Illustrated notes

Levels and vault maps discovered:
D:1:      wander_arrival_chamber, layout_rooms
D:2:      layout_rooms, chequers_ecumenical_altar_simple_redux,
          hangedman_decor_clover_reticule, minmay_increasing_density
D:3:      layout_rooms, xom_redecorated
D:4:      layout_basic, serial_shops, nicolae_shop_stone, shop, shop, shop, shop
D:5:      layout_rooms, grunt_temple_overflow_magic_moments,
          serial_bayou_pond_a, abandoned_shop
D:6:      layout_cave_pods, kennysheep_mini_moat, elyvilon_altar_4,
          lemuel_doored_altar, yredelemnul_forgotten_temple_becter,
          gup_sewer_entry_bubbles, serial_shops, nicolae_shop_stone,
          shop_statue, shop, basic_altar
D:7:      layout_loops_ring, grunt_temple_overflow_open,
          minmay_temple_entry_slanted
D:8:      layout_gridville, serial_shops, nicolae_shop_statue_plus
D:9:      layout_loops_ring, uniq_grum
D:10:     wander_river, layout_basic, orc_0_dummy, bh_hangedman_babel_library
D:11:     cheibrodos_orc_bank, layout_small_grid, lair_entry_dummy, basic_altar,
          uniq_erica, uniq_nergalle, uniq_snorg
Temple:   jpeg_temple_clearing
Orc:1:    layout_diamond_mine, ebering_ghost_xom, lightli_orcish_oven,
          uniq_harold
Orc:2:    grunt_orc_cross, layout_caves

Skill      XL: |  1  2  3  4  5  6  7  8  9 10 11 12 |
---------------+-------------------------------------+-----
Maces & Flails | 3 4 5 6 8 9 |  9.7
Fighting       | 4 5 6 7 8 9 |  9.7
Dodging        | 4 5 6 7 |  7.7
Shields        | 4 5 6 7 8 |  8.2
Invocations    | 2 5 6 7 |  7.9
Stealth        | 5 |  5.3
Evocations     | 3 4 |  4.0

Action                   |  1- 3 |  4- 6 |  7- 9 | 10-12 || total
-------------------------+-------+-------+-------+-------++-------
Melee: Flail             |    69 |    91 |   250 |   225 ||   635
       Constrict         |    16 |    23 |    48 |    35 ||   122
       Tentacles         |     6 |    24 |    67 |    84 ||   181
Invok: Slouch            |       |       |       |     2 ||     2
       Bend Time         |       |       |       |     1 ||     1
Evoke: Wand              |       |     2 |     4 |    23 ||    29
  Use: Scroll            |       |    13 |    11 |    10 ||    34
       Potion            |       |     2 |     4 |     4 ||    10
 Stab: Sleeping          |     7 |     6 |    19 |     2 ||    34
       Distracted        |       |       |     1 |       ||     1
Armor: Skin              |     3 |     5 |    12 |    25 ||    45
Dodge: Dodged            |    30 |    39 |   124 |   149 ||   342
Block: Kite shield       |    31 |    42 |   106 |   154 ||   333
       Tower shield      |       |       |       |    71 ||    71
